 Dungeon Crawl Stone Soup version 0.30.1-4-g462c640d31 (webtiles) character file.

Game seed: 5313284894471377484

30240 nonceun the Severer (level 13, -10/183 HPs)
             Began as a Minotaur Berserker on Sept 11, 2023.
             Was a High Priest of Trog.
             Mangled by Rupert
             ... wielding a +2 vampiric battleaxe
              (32 damage)
             ... on level 13 of the Dungeon.
             The game lasted 00:59:37 (14278 turns).

nonceun the Severer (Minotaur Berserker)           Turns: 14278, Time: 00:59:38

Health: -10/183    AC: 22    Str: 27    XL:     13   Next: 19%
Magic:  12/12      EV: 13    Int:  6    God:    Trog [*****.]
Gold:   387        SH: 17    Dex: 11    Spells: 12/12 levels left

rFire   + . .        a - +9 broad axe "Gram" {freeze, rElec rPois Str+3 Stlth-}
rCold   . . .        t - +0 kite shield
rNeg    . . .        z - +0 plate armour {rPois}
rPois   +            c - +1 hat {Stlth+}
rElec   +            C - +0 cloak
rCorr   .            (no gloves)
SInv    .            (no boots)
Will    ++...        F - amulet of reflection Stlth
                     P - +4 ring of protection
HPRegen 1.50/turn    y - ring of Vempil Yjetz {rF+ EV+5}
MPRegen 0.13/turn

%: reflection
@: berserking, strong-willed, regenerating, very quick
A: horns 2, retaliatory headbutt, mutation resistance 1
a: Renounce Religion, Berserk, Trog's Hand, Brothers in Arms


You were on level 13 of the Dungeon.
You worshipped Trog.
Trog was extremely pleased with you.
You visited 3 branches of the dungeon, and saw 16 of its levels.
You also visited: Sewer and Bailey.

You collected 1019 gold pieces.
You spent 632 gold pieces at shops.

Inventory:

Hand Weapons
 a - the +9 broad axe "Gram" (weapon) {freeze, rElec rPois Str+3 Stlth-}
   (You bought it in a shop on level 9 of the Dungeon)

   Str:       It affects your strength (+3).
   rElec:     It insulates you from electricity.
   rPois:     It protects you from poison.
   Stlth:     It makes you less stealthy.
 b - the +8 Vampire's Tooth {megavamp}
   (You found it on level 10 of the Dungeon)
Armour
 c - a +1 hat of stealth (worn)
 t - a +0 kite shield (worn)
 z - a +0 plate armour of poison resistance (worn)
 C - a +0 cloak (worn)
 L - a +3 scale mail of fire resistance
Jewellery
 p - a +6 ring of intelligence
 u - a ring of positive energy
 y - the ring of Vempil Yjetz (right hand) {rF+ EV+5}
   (You found it on level 4 of the Dungeon)

   [ring of evasion]

   EV:        It affects your evasion (+5).
   rF:        It protects you from fire.
 A - a ring of positive energy
 B - a ring of flight
 D - a ring of ice
 F - an amulet of reflection (around neck)
 H - an amulet of regeneration
 P - a +4 ring of protection (left hand)
Wands
 g - a wand of flame (13)
 s - a wand of paralysis (11)
 x - a wand of digging (14)
 E - a wand of acid (17)
 M - a wand of polymorph (6)
 R - a wand of iceblast (9)
Scrolls
 d - 2 scrolls of identify
 f - 3 scrolls of vulnerability
 k - 5 scrolls of silence
 m - 7 scrolls of enchant weapon
 n - 4 scrolls of fear
 o - 2 scrolls of immolation
 r - 3 scrolls of enchant armour
 v - 5 scrolls of poison
 G - 4 scrolls of teleportation
 J - a scroll of brand weapon
 K - 5 scrolls of blinking
 N - a scroll of magic mapping
 Q - a scroll of fog
Potions
 e - 6 potions of heal wounds
 h - 8 potions of curing
 i - a potion of haste
 j - 7 potions of might
 l - 7 potions of mutation
 q - 4 potions of lignification
 w - 4 potions of cancellation
 O - 2 potions of flight


   Skills:
 * Level 13.5 Fighting
 * Level 0.6 Short Blades
 + Level 16.5 Axes
 * Level 12.2 Armour
 - Level 2.1 Dodging
 * Level 12.4 Shields


You had 12 spell levels left.
You didn't know any spells.
Your spell library contained the following spells:

 Spells                   Type           Power      Damage    Failure   Level
 Freeze                   Ice            0%         1d3       99%         1
 Sandblast                Erth           0%         2d4       99%         1
 Sting                    Tmut/Pois      0%         1d3       99%         1
 Passwall                 Tmut/Erth      0%         N/A       100%        2
 Poisonous Vapours        Pois/Air       0%         N/A       100%        2
 Static Discharge         Conj/Air       0%         2-2/arc   100%        2
 Sublimation of Blood     Necr           0%         N/A       100%        2
 Wereblood                Tmut           0%         N/A       100%        2
 Frozen Ramparts          Ice            0%         1d1       100%        3
 Hailstorm                Conj/Ice       0%         3d3       100%        3
 Ozocubu's Armour         Ice            0%         N/A       100%        3
 Stone Arrow              Conj/Erth      0%         3d7       100%        3
 Airstrike                Air            0%         2d(0-16)  100%        4
 Animate Armour           Summ/Erth      0%         N/A       100%        4
 Olgreb's Toxic Radiance  Pois           0%         N/A       100%        4
 Petrify                  Tmut/Erth      0%         N/A       100%        4
 Summon Lightning Spire   Summ/Air       0%         N/A       100%        4
 Irradiate                Conj/Tmut      0%         3d11      100%        5
 Metabolic Englaciation   Hex/Ice        0%         N/A       100%        5
 Summon Forest            Summ/Tloc      0%         N/A       100%        5
 Eringya's Noxious Bog    Tmut/Pois      0%         N/A       100%        6
 Simulacrum               Ice/Necr       0%         N/A       100%        6
 Dragon Form              Tmut           0%         N/A       100%        7
 Storm Form               Tmut/Air       0%         N/A       100%        7
 Summon Hydra             Summ           0%         N/A       100%        7
 Lehudib's Crystal Spear  Conj/Erth      0%         10d2      100%        8


Dungeon Overview and Level Annotations

Branches:
Dungeon (13/15)            Temple (0/1) D:6            Lair (2/5) D:8
 Shoals (0/4) Lair:2          Orc (1/2) D:12          Sewer (visited)
 Bailey (visited)
  Snake: Lair:2-3    Spider: Lair:2-3    Vaults: D:13-14

Altars:
Ru
Zin

Shops:
D:9 *   D:11 *   Orc:1 ?

Annotations:
D:10 1 runed translucent door, Esekla's ghost, novice DENe
D:13 Rupert
Lair:2 2 transporters, bairyn's ghost, journeyman SpRe


Innate Abilities, Weirdness & Mutations

You have a pair of horns on your head.
You reflexively headbutt those who attack you in melee.
You are somewhat resistant to further mutation.


Message History

Rupert roars madly and goes into a rage!
Rupert goes berserk!
You hear an angry growl.
You hear a shout!
You hear two shouts!
You hear an angry hiss.
You hear a shout! x2
The gargoyle attacks as you move away! You block the gargoyle's attack.
The howler monkey attacks as you move away!
The howler monkey barely misses you.
Found a plate armour.
A black bear comes into view.
The howler monkey attacks as you move away!
The howler monkey barely misses you.
The black bear changes into a cane toad!
The howler monkey attacks as you move away!
You block the howler monkey's attack.
You hear a shout!
You hear a shout! x2
You block Rupert's attack.
You closely miss Rupert.
Rupert hits you with a +2 vampiric battleaxe.
Your skin crawls.
You feel strong-willed. Rupert barely misses you.
You barely miss Rupert.
Rupert hits you with a +2 vampiric battleaxe!
Rupert hits you with a +2 vampiric battleaxe!!
You slice Rupert!! You freeze Rupert. You headbutt Rupert!
Rupert is lightly wounded.
Rupert hits you with a +2 vampiric battleaxe!!
You slash Rupert! You freeze Rupert. You headbutt Rupert, but do no damage.
Rupert is moderately wounded.
Rupert hits you but does no damage.
You slash Rupert! You freeze Rupert.
Rupert is moderately wounded.
Rupert hits you with a +2 vampiric battleaxe!!
* * * LOW HITPOINT WARNING * * *
Rupert draws strength from your wounds!
A red film seems to cover your vision as you go berserk!
You feel yourself moving faster!
You feel mighty! You block Rupert's attack.
Rupert hits you with a +2 vampiric battleaxe!!
You die...

## ...#)##.....9####
.....###....u#..#
.##...# ###h9....#
#.<#..#####@c..###
.........[..........
....###F.#F.#########
#### .###.h#######
#..######u.......
#.....@@cF.....#
#########.......
#######


You could see Rupert (berserk), a white ugly thing, a cane toad shaped shifter
and a centaur.

Vanquished Creatures
  Gastronok (Lair:2)
  Nessos (D:12)
  Josephine (D:12)
  Erolcha (D:11)
  Fannar (D:10)
  A boulder beetle (D:12)
  A centaur warrior (D:13)
  3 two-headed ogres
  Urug (D:11)
  Amaemon (D:11)
  3 slime creatures (D:12)
  Pikel (D:5)
  A cyclops (D:11)
  A manticore (D:9)
  A water nymph (Lair:2)
  2 cane toads (Lair:2)
  An orange demon (D:11)
  A torpor snail (Lair:2)
  2 kobold demonologists (D:10)
  Psyche (D:11)
  3 gargoyles
  2 komodo dragons
  6 trolls
  A polar bear (Lair:2)
  A hornet (D:10)
  3 tyrant leeches (D:10)
  Prince Ribbit (D:6)
  5 blink frogs (Lair:1)
  4 shadows
  5 vampires
  11 yaks
  A wyvern (D:10)
  5 wraiths (D:12)
  A basilisk (Lair:2)
  9 vampire mosquitoes
  Grum (D:10)
  An acid dragon (D:11)
  7 water moccasins
  Duvessa (D:4)
  A sky beast (D:8)
  19 orc warriors
  An ice beast (D:5)
  3 black bears
  4 ogres
  3 wolves (D:10)
  17 centaurs
  2 phantoms (D:5)
  4 kobold brigands
  A lemure (D:5)
  Blork the orc (D:5)
  2 bullfrogs
  3 gnoll sergeants
  3 scorpions
  Dowan (D:4)
  10 killer bees
  3 electric eels
  4 howler monkeys
  8 orc priests
  Crazy Yiuf (D:5)
  A jelly (D:6)
  2 iguanas
  15 orc wizards
  3 sleepcaps
  14 gnolls
  3 river rats (D:3)
  9 adders
  A shadow imp (D:7)
  4 white imps
  9 worms
  A dart slug (D:1)
  73 orcs
  6 ball pythons
  7 bats
  6 endoplasms
  A giant cockroach (D:1)
  6 hobgoblins
  6 jackals
  27 kobolds
  A quokka (D:2)
  12 goblins
  7 rats
399 creatures vanquished.

Notes
Turn   | Place    | Note
-------+----------+-------------------------------------------
     0 | D:1      | nonceun the Minotaur Berserker began the quest for the Orb.
     0 | D:1      | Reached XP level 1. HP: 19/19 MP: 0/0
   140 | D:1      | Reached skill level 4 in Axes
   235 | D:1      | Reached XP level 2. HP: 26/26 MP: 1/1
   800 | D:2      | Reached skill level 5 in Axes
   823 | D:2      | Reached XP level 3. HP: 7/31 MP: 2/2
   996 | D:2      | Reached ** piety under Trog
  1464 | D:3      | Reached skill level 6 in Axes
  1464 | D:3      | Reached XP level 4. HP: 39/39 MP: 3/3
  1759 | D:3      | Reached XP level 5. HP: 12/45 MP: 4/4
  1779 | D:3      | Reached skill level 7 in Axes
  1815 | D:3      | Found a glowing drain.
  1823 | Sewer    | Entered a sewer
  1914 | Sewer    | Noticed a water moccasin
  1922 | Sewer    | Killed a water moccasin
  2081 | D:3      | Got the Compendium of Evolution
  2260 | D:3      | Reached XP level 6. HP: 45/52 MP: 5/5
  2795 | D:4      | Reached skill level 8 in Axes
  2823 | D:4      | Noticed Dowan
  2824 | D:4      | Noticed Duvessa
  2834 | D:4      | Killed Duvessa
  2839 | D:4      | Killed Dowan
  2893 | D:4      | Identified the ring of Vempil Yjetz {rF+ EV+5}
  3006 | D:4      | Reached skill level 5 in Fighting
  3006 | D:4      | Reached skill level 9 in Axes
  3008 | D:4      | Reached XP level 7. HP: 49/61 MP: 6/6
  3324 | D:5      | Entered Level 5 of the Dungeon
  3374 | D:5      | Noticed Blork the orc
  3382 | D:5      | Killed Blork the orc
  3433 | D:5      | Reached skill level 1 in Shields
  3751 | D:5      | Reached XP level 8. HP: 66/70 MP: 7/7
  3757 | D:5      | Reached skill level 10 in Axes
  3757 | D:5      | Reached skill level 5 in Armour
  3843 | D:5      | Found a runed translucent door.
  3844 | D:5      | Noticed Crazy Yiuf
  3890 | D:5      | Killed Crazy Yiuf
  4158 | D:5      | Noticed Pikel
  4173 | D:5      | Killed Pikel
  4174 | D:5      | Reached skill level 11 in Axes
  4174 | D:5      | Reached skill level 5 in Shields
  4480 | D:6      | Reached XP level 9. HP: 67/78 MP: 8/8
  4487 | D:6      | Identified the staff of fire "Puinebao" {rF+ rCorr Int+2
                  | Dex-3}
  4526 | D:6      | Found a staircase to the Ecumenical Temple.
  5071 | D:6      | Noticed Prince Ribbit
  5091 | D:6      | Killed Prince Ribbit
  5095 | D:6      | Reached skill level 12 in Axes
  5133 | D:6      | Identified the +0 leather armour of Hodwinir {Drain Will-
                  | Dex+7 Slay+4}
  5389 | D:7      | Reached *** piety under Trog
  5546 | D:7      | Found a flagged portal.
  5565 | Bailey   | Entered a bailey
  5935 | Bailey   | Reached XP level 10. HP: 73/90 MP: 9/9
  6497 | Bailey   | Identified the orb "Junuric" {mayhem, SInv}
  6579 | D:7      | Identified the +0 robe of the Good {rPois}
  6782 | D:7      | Reached skill level 13 in Axes
  7268 | D:8      | Reached **** piety under Trog
  7272 | D:8      | Noticed a two-headed ogre
  7281 | D:8      | Killed a two-headed ogre
  7659 | D:8      | Found a staircase to the Lair.
  7666 | Lair:1   | Entered Level 1 of the Lair of Beasts
  8101 | Lair:1   | Reached XP level 11. HP: 87/99 MP: 10/10
  8635 | Lair:2   | Reached skill level 14 in Axes
  8909 | Lair:2   | Found a transporter.
  8914 | Lair:2   | Noticed an eight-headed hydra
  8914 | Lair:2   | Noticed a six-headed hydra
  8915 | Lair:2   | Noticed bairyn's ghost (journeyman SpRe)
  8917 | Lair:2   | Noticed a six-headed hydra
  9163 | Lair:2   | Noticed Gastronok
  9190 | Lair:2   | Reached skill level 10 in Fighting
  9206 | Lair:2   | Killed Gastronok
  9207 | Lair:2   | Reached skill level 10 in Shields
  9389 | Lair:2   | Reached skill level 10 in Armour
  9591 | Lair:2   | Found a transporter.
 10518 | D:9      | Found Cehiur's Assorted Antiques.
 10544 | D:9      | Bought a ruby potion for 23 gold pieces
 10544 | D:9      | Bought a slimy broad axe for 234 gold pieces
 10544 | D:9      | Identified the +9 broad axe "Gram" {freeze, rElec rPois
                  | Str+3 Stlth-} (You bought it in a shop on level 9 of the
                  | Dungeon)
 10544 | D:9      | Bought a scroll labelled DUORHU TOTI for 26 gold pieces
 10544 | D:9      | Bought a fuming green potion for 23 gold pieces
 10749 | D:9      | Found a glowing silver altar of Zin.
 11070 | D:10     | Entered Level 10 of the Dungeon
 11153 | D:10     | Noticed Fannar
 11174 | D:10     | Killed Fannar
 11197 | D:10     | Found a runed translucent door.
 11198 | D:10     | Noticed Esekla's ghost (novice DENe)
 11321 | D:10     | Noticed Grum
 11335 | D:10     | Reached XP level 12. HP: 54/111 MP: 11/11
 11337 | D:10     | Killed Grum
 11599 | D:10     | Reached skill level 15 in Axes
 11608 | D:10     | Found the +8 Vampire's Tooth {megavamp}
 11994 | D:11     | Found a sacrificial altar of Ru.
 12097 | D:11     | Noticed Amaemon
 12132 | D:11     | Killed Amaemon
 12285 | D:11     | Noticed Psyche
 12291 | D:11     | Killed Psyche
 12392 | D:11     | Noticed Urug
 12393 | D:11     | Reached ***** piety under Trog
 12405 | D:11     | Killed Urug
 12563 | D:11     | Found Tucuptomezy's General Store.
 12564 | D:11     | Noticed Erolcha
 12575 | D:11     | Killed Erolcha
 12582 | D:11     | Bought a scroll of identify for 32 gold pieces
 13173 | D:12     | Noticed a two-headed ogre
 13185 | D:12     | Killed a two-headed ogre
 13202 | D:12     | Noticed a two-headed ogre
 13206 | D:12     | Killed a two-headed ogre
 13206 | D:12     | Noticed Nessos
 13215 | D:12     | Killed Nessos
 13216 | D:12     | Reached skill level 16 in Axes
 13246 | D:12     | Noticed a boulder beetle
 13275 | D:12     | Killed a boulder beetle
 13417 | D:12     | Found a staircase to the Orcish Mines.
 13430 | D:12     | Noticed Josephine
 13437 | D:12     | Killed Josephine
 13437 | D:12     | Received a gift from Trog
 13438 | D:12     | Reached XP level 13. HP: 115/122 MP: 12/12
 13923 | Orc:1    | Entered Level 1 of the Orcish Mines
 14012 | Orc:1    | Found Pablugem's Magic Scroll Boutique.
 14021 | Orc:1    | Bought a scroll of teleportation for 36 gold pieces
 14021 | Orc:1    | Bought a scroll of identify for 24 gold pieces
 14021 | Orc:1    | Bought a scroll of teleportation for 36 gold pieces
 14021 | Orc:1    | Bought a scroll of blinking for 90 gold pieces
 14021 | Orc:1    | Bought a scroll of immolation for 48 gold pieces
 14021 | Orc:1    | Bought a scroll of teleportation for 36 gold pieces
 14021 | Orc:1    | Bought a scroll of identify for 24 gold pieces
 14163 | D:12     | Gained mutation: You are somewhat resistant to further
                  | mutation. [potion of mutation]
 14256 | D:13     | Noticed Rupert
 14278 | D:13     | Mangled by Rupert

Illustrated notes

Levels and vault maps discovered:
D:1:      lemuel_arrival_tunnels, layout_loops_ring
D:2:      layout_basic
D:3:      layout_loops_ring, lightli_sewer_entry_pipes,
          dreamdust_mushroom_princess
D:4:      layout_loops_cross, uniq_duvessa
D:5:      layout_loops_ring, uniq_crazy_yiuf_cottage, uniq_blork_the_orc,
          uniq_pikel
D:6:      layout_cave_pools, minmay_temple_entry_nine_rooms, uniq_prince_ribbit1
D:7:      layout_loops_ring, enter_bailey_5, grunt_ministairs_6,
          minmay_stone_trees_medium
D:8:      layout_cave_pools, lair_entry_dummy
D:9:      layout_rooms, lemuel_doored_altar, serial_shops, shop,
          nrook_pool_corridor, patterned_corridor
D:10:     layout_rooms, gammafunk_ghost_grave,
          minmay_guarded_unrand_vampires_tooth, uniq_grum, uniq_fannar
D:11:     layout_stronghold, serial_shops, shop, hangedman_ru_absence,
          uniq_psyche, uniq_amaemon, uniq_erolcha, uniq_urug
D:12:     layout_loops_ring, erik_orc_4, uniq_nessos, uniq_josephine
D:13:     hangedman_cross_cluster, layout_rooms, david_vaults_4, uniq_rupert
Lair:1:   layout_regular_city, serial_bayou_lagoon_a
Lair:2:   layout_layer_cave, nicolae_shoals_entry_flooding, nzn_ghost_randoct,
          uniq_gastronok
Orc:1:    layout_caves, serial_shops, nicolae_lakefront_shop

Skill      XL: |  1  2  3  4  5  6  7  8  9 10 11 12 |
---------------+-------------------------------------+-----
Axes           | 4 5 6 7 9 11 12 13 14 16 | 16.5
Fighting       | 4 5 6 8 9 11 13 | 13.5
Armour         | 4 5 7 8 10 12 | 12.2
Shields        | 1 5 7 9 10 12 | 12.4
Short Blades   | |  0.6
Dodging        | |  2.1

Action                     |  1- 3 |  4- 6 |  7- 9 | 10-12 | 13-15 || total
---------------------------+-------+-------+-------+-------+-------++-------
  Melee: Hand axe          |    88 |   131 |   267 |   408 |       ||   894
         Headbutt          |    10 |    22 |    46 |   140 |    17 ||   235
         Punch             |       |     2 |       |       |       ||     2
         Broad axe         |       |       |       |   272 |    62 ||   334
 Invoke: Trog's Hand       |       |     7 |     9 |    11 |     1 ||    28
         Berserk           |       |     2 |     3 |     1 |     1 ||     7
         Brothers in Arms  |       |       |       |     1 |       ||     1
    Use: Scroll            |       |       |     9 |    12 |     5 ||    26
         Potion            |       |       |       |       |     1 ||     1
   Stab: Sleeping          |     1 |       |       |       |       ||     1
 Armour: Animal skin       |     2 |       |       |       |       ||     2
         Ring mail         |    14 |    42 |       |       |       ||    56
         Scale mail        |       |       |    52 |       |       ||    52
         Plate armour      |       |       |     2 |   176 |     9 ||   187
  Dodge: Dodged            |    53 |    71 |   173 |   194 |    19 ||   510
  Block: Buckler           |       |       |    92 |   239 |       ||   331
         Reflection        |       |       |     1 |    19 |     7 ||    27
         Kite shield       |       |       |       |    40 |    40 ||    80
